 Dungeon Crawl Stone Soup version 0.20.1-1-g8b1a95d (webtiles) character file.

22 MasterBenM the Skirmisher (level 2, -8/36 HPs)
             Began as an Ogre Chaos Knight on Oct 7, 2017.
             Mangled by a rust devil (12 damage)
             ... summoned by Xom
             ... on level 2 of the Dungeon.
             The game lasted 00:15:53 (1385 turns).

MasterBenM the Skirmisher (Ogre Chaos Knight)       Turns: 1385, Time: 00:15:54

Health: -8/36      AC: -19   Str: 13    XL:     2   Next: 91%
Magic:  2/2        EV: 10    Int: 13    God:    Xom [......]
Gold:   28         SH:  0    Dex:  8    Spells: 1/1 levels left

rFire    . . .     SeeInvis .   a - +0 spear (chaos)
rCold    . . .     Gourm    .   (no shield)
rNeg     . . .     Faith    .   b - +2 robe
rPois    .         Spirit   .   (helmet restricted)
rElec    .         Reflect  .   (no cloak)
rCorr    .         Harm     .   (gloves unavailable)
MR       .....     Clarity  +   (boots unavailable)
Stlth    +.........             (no amulet)
Regen    0.2/turn               (no ring)
MPRegen  0.1/turn               (no ring)

@: corroded
A: unfitting armour, clarity, robust 1, tough skin 1, weak 1
a: Renounce Religion


You were on level 2 of the Dungeon.
You worshipped Xom.
You were a very special plaything of Xom.
You were not hungry.

You visited 1 branch of the dungeon, and saw 2 of its levels.

You collected 28 gold pieces.

Inventory:

Hand Weapons
 a - a +0 spear of chaos (weapon)
 e - a +0 hunting sling
 n - a +0 dagger
 p - a +0 dagger
Missiles
 d - 16 bolts
 g - 29 stones (quivered)
 m - 10 poisoned needles
Armour
 b - a +2 robe (worn)
 h - a +1 robe
 i - a +0 leather armour
 k - a +0 robe
Potions
 l - a potion of magic
Comestibles
 c - a bread ration
 f - a meat ration
 j - 4 chunks of flesh


   Skills:
 + Level 4.7 Fighting
 + Level 3.3 Polearms
 + Level 2.3 Dodging


You had one spell level left.
You didn't know any spells.

Dungeon Overview and Level Annotations

Branches:
Dungeon (2/15)

Altars:


Innate Abilities, Weirdness & Mutations

You are too large for most types of armour.
You have tough skin. (AC +1)
You possess an exceptional clarity of mind.
You are robust. (+10% HP)
You are weak. (Str -2)


Message History

The giant cockroach misses you. The rust devil hits you.
The rust devil corrodes you!
The giant cockroach waves its antennae.
The giant cockroach bites you.
Some of the chunks of flesh in your inventory have rotted away.
You hit the giant cockroach but do no damage.
The giant cockroach barely misses you. The rust devil barely misses you.
The giant cockroach closely misses you.
You hit the giant cockroach but do no damage.
The giant cockroach is poisoned.
The giant cockroach barely misses you. The rust devil hits you!
* * * LOW HITPOINT WARNING * * *
The rust devil corrodes you!
You hit the giant cockroach but do no damage.
The giant cockroach appears confused.
The giant cockroach is heavily wounded.
Xom thinks this is hilarious!
The giant cockroach bites itself but does no damage.
The rust devil hits you!
You die...

... .....
#.#....#.##.....
#.#....#......
.......#.....
......#...#
#....#...#
#....#<..#
#...4s#..#
..#.###@#..#
...........#
..#.###....#
#....#
+........#
#.###..#.#
#....# #....#
.....#


You could see a rust devil and a giant cockroach (confused).

Vanquished Creatures
  A worm (D:2)
  2 dart slugs (D:1)
  2 giant cockroaches (D:1)
  3 goblins (D:1)
  2 kobolds (D:1)
  4 frilled lizards (D:1)
  4 rats (D:1)
18 creatures vanquished.

Notes
Turn   | Place    | Note
-------+----------+-------------------------------------------
     0 | D:1      | MasterBenM the Ogre Chaos Knight began the quest for the Orb.
     0 | D:1      | Reached XP level 1. HP: 24/24 MP: 1/1
   472 | D:1      | Gained mutation: You are dopey. (Int -2) [potion of mutation]
   472 | D:1      | Gained mutation: You are agile. (Dex +2) [potion of mutation]
   473 | D:1      | Lost mutation: You are agile. (Dex +2) [potion of mutation]
   473 | D:1      | Lost mutation: You are dopey. (Int -2) [potion of mutation]
   473 | D:1      | Gained mutation: You are covered in fur. (AC +1) [potion of mutation]
   473 | D:1      | Gained mutation: You have sharp toenails. [potion of mutation]
   473 | D:1      | Gained mutation: You are robust. (+10% HP) [potion of mutation]
   473 | D:1      | Gained mutation: Your muscles are strong. (Str +2) [potion of mutation]
   474 | D:1      | XOM: divination: detect items
   504 | D:1      | XOM: potion effect (brilliance)
   829 | D:1      | Reached XP level 2. HP: 36/36 MP: 2/2
   993 | D:1      | Lost mutation: You have sharp toenails. [potion of mutation]
   993 | D:1      | Lost mutation: You are covered in fur. (AC +1) [potion of mutation]
   993 | D:1      | Lost mutation: Your muscles are strong. (Str +2) [potion of mutation]
   993 | D:1      | Lost mutation: You are robust. (+10% HP) [potion of mutation]
   993 | D:1      | Gained mutation: You possess an exceptional clarity of mind. [potion of mutation]
   993 | D:1      | Gained mutation: You are weak. (Str -2) [potion of mutation]
   993 | D:1      | Gained mutation: You are robust. (+10% HP) [potion of mutation]
  1374 | D:2      | XOM: summons 1 hostile demon
  1375 | D:2      | Noticed a rust devil
  1385 | D:2      | Mangled by a rust devil

Action                   || total
-------------------------++-------
Melee: Spear             ||    66
       Kick              ||    11
  Use: Potion            ||     5
       Scroll            ||     2
  Eat: Chunk             ||     1
Armor: Robe              ||     8
Dodge: Dodged            ||    23
